ADL
WEST LAKES SMASH @ GAWLER BUMBLEBEES
05/15/2022
 
TOP OF THE 1ST
West Lakes Smash batting - Pitching for Gawler Bumblebees : RHP Rusty Cozens
Pitching: RHP Rusty Cozens
Batting: RHB Art Eckington 0-0: Ball
1-0: Swinging Strike
1-1: Swinging Strike
1-2: Strikes out swinging
Batting: LHB Sam Spencer 0-0: Foul Ball, location: 25F
0-1: Ball
1-1: SOLO HOME RUN (Flyball, 7LD, EV 92.5 MPH), Distance : 362 ft
Batting: SHB Jamie Shelley 0-0: Ball
1-0: Ground out 4-3 (Groundball, 4, EV 80.0 MPH)
Batting: RHB Todd Dand 0-0: Ground out 1-3 (Groundball, 34S, EV 66.9 MPH)
Top of the 1st over - 1 run, 1 hit, 0 errors, 0 left on base; West Lakes 1 - Gawler 0
BOTTOM OF THE 1ST
Gawler Bumblebees batting - Pitching for West Lakes Smash : RHP Richie Hale
Pitching: RHP Richie Hale
Batting: RHB Koby Holman 0-0: Ball
1-0: Called Strike
1-1: Called Strike
1-2: Strikes out swinging
Batting: RHB Shawn Lett 0-0: Called Strike
0-1: Called Strike
0-2: Foul Ball, location: 2F
0-2: Ball
1-2: Ball
2-2: Strikes out swinging
Batting: RHB Willem Bonney 0-0: Called Strike
0-1: Called Strike
0-2: Foul Ball, location: 2F
0-2: Ball
1-2: Foul Ball, location: 2F
1-2: Ball
2-2: Foul Ball, location: 2F
2-2: Foul Ball, location: 3DF
2-2: Ball
3-2: Foul Ball, location: 2RF
3-2: Strikes out swinging
Bottom of the 1st over - 0 runs, 0 hits, 0 errors, 0 left on base; West Lakes 1 - Gawler 0
TOP OF THE 2ND
West Lakes Smash batting - Pitching for Gawler Bumblebees : RHP Rusty Cozens
Batting: RHB Shane Withecombe 0-0: Fly out, F4 (Popup, 4MD, EV 43.1 MPH)
Batting: RHB G.G. McLachlan 0-0: Ball
1-0: Ball
2-0: Foul Ball, location: 3DF
2-1: Foul Ball, location: 2F
2-2: Fly out, F8 (Flyball, 89M, EV 83.8 MPH)
Batting: RHB Mark Caporn 0-0: Ground out 6-3 (Groundball, 6MS, EV 72.5 MPH)
Top of the 2nd over - 0 runs, 0 hits, 0 errors, 0 left on base; West Lakes 1 - Gawler 0
BOTTOM OF THE 2ND
Gawler Bumblebees batting - Pitching for West Lakes Smash : RHP Richie Hale
Batting: RHB Arron Albury 0-0: Foul Ball, location: 5SF
0-1: Called Strike
0-2: Fly out, F9 (Flyball, 89D, EV 88.1 MPH)
Batting: RHB Jeremy Bazley 0-0: Called Strike
0-1: Ball
1-1: Swinging Strike
1-2: Strikes out swinging
Batting: RHB Ty Bennett 0-0: DOUBLE (Line Drive, 8RD, EV 106.3 MPH)
Batting: RHB Kasey Walsh 0-0: Foul Ball, location: 2LF
0-1: Foul Ball, location: 2F
0-2: Fly out, F8 (Flyball, 8LD, EV 107.5 MPH)
Bottom of the 2nd over - 0 runs, 1 hit, 0 errors, 1 left on base; West Lakes 1 - Gawler 0
TOP OF THE 3RD
West Lakes Smash batting - Pitching for Gawler Bumblebees : RHP Rusty Cozens
Batting: RHB Ted Minns 0-0: Ground out 5-3 (Groundball, 5L, EV 78.1 MPH)
Batting: LHB Kevin Dynevor 0-0: Ball
1-0: Swinging Strike
1-1: Foul Ball, location: 7LMF
1-2: Foul Ball, location: 7LMF
1-2: Ball
2-2: Ball
3-2: Foul Ball, location: 5SF
3-2: Foul Ball, location: 5SF
3-2: Strikes out looking
Batting: RHB Art Eckington 0-0: Ball
1-0: Ball
2-0: Called Strike
2-1: Fly out, F5 (Popup, 5F, EV 80.6 MPH)
Top of the 3rd over - 0 runs, 0 hits, 0 errors, 0 left on base; West Lakes 1 - Gawler 0
BOTTOM OF THE 3RD
Gawler Bumblebees batting - Pitching for West Lakes Smash : RHP Richie Hale
Batting: RHB Wayne Bastable 0-0: Ball
1-0: Ball
2-0: SOLO HOME RUN (Flyball, 8LXD, EV 113.1 MPH), Distance : 449 ft
Batting: RHB Jim Unknown 0-0: Ball
1-0: Ground out 6-3 (Groundball, 6M, EV 101.9 MPH)
Batting: RHB Koby Holman 0-0: Foul Ball, location: 2F
0-1: Called Strike
0-2: Ball
1-2: Strikes out swinging
Batting: RHB Shawn Lett 0-0: Called Strike
0-1: Swinging Strike
0-2: Ball
1-2: Ball
2-2: Foul Ball, location: 5SF
2-2: Ball
3-2: Foul Ball, location: 9LSF
3-2: Base on Balls
Batting: RHB Willem Bonney 0-0: Ball
Shawn Lett steals 2nd base
1-0: Called Strike
1-1: Ball
2-1: Foul Ball, location: 9LSF
2-2: Ball
3-2: Strikes out swinging
Bottom of the 3rd over - 1 run, 1 hit, 0 errors, 1 left on base; West Lakes 1 - Gawler 1
TOP OF THE 4TH
West Lakes Smash batting - Pitching for Gawler Bumblebees : RHP Rusty Cozens
Batting: LHB Sam Spencer 0-0: Called Strike
0-1: Called Strike
0-2: Ball
1-2: Fly out, F9 (Flyball, 9, EV 88.1 MPH)
Batting: SHB Jamie Shelley 0-0: Ball
1-0: Called Strike
1-1: Fly out, F8 (Flyball, 8RD, EV 93.1 MPH)
Batting: RHB Todd Dand 0-0: Called Strike
0-1: Called Strike
0-2: Ball
1-2: Strikes out swinging
Top of the 4th over - 0 runs, 0 hits, 0 errors, 0 left on base; West Lakes 1 - Gawler 1
BOTTOM OF THE 4TH
Gawler Bumblebees batting - Pitching for West Lakes Smash : RHP Richie Hale
Batting: RHB Arron Albury 0-0: Ball
1-0: Ball
2-0: Foul Ball, location: 7LMF
2-1: Ball
3-1: Fly out, F8 (Line Drive, 8RD, EV 90.6 MPH)
Batting: RHB Jeremy Bazley 0-0: Ball
1-0: Ball
2-0: Called Strike
2-1: Swinging Strike
2-2: SINGLE (Groundball, 4MD, EV 101.9 MPH)
Batting: RHB Ty Bennett 0-0: Ball
1-0: Foul Ball, location: 7LSF
1-1: Ball
Pickoff Throw to First - Out! 1-3 CS
2-1: SINGLE (Line Drive, 7S, EV 110.0 MPH)
Batting: RHB Kasey Walsh 0-0: Called Strike
Ty Bennett is caught stealing 2nd base 2-4
Bottom of the 4th over - 0 runs, 2 hits, 0 errors, 0 left on base; West Lakes 1 - Gawler 1
TOP OF THE 5TH
West Lakes Smash batting - Pitching for Gawler Bumblebees : RHP Rusty Cozens
Batting: RHB Shane Withecombe 0-0: Ball
1-0: Fly out, F8 (Flyball, 8RM, EV 90.0 MPH)
Batting: RHB G.G. McLachlan 0-0: Foul Ball, location: 2F
0-1: Fly out, F8 (Flyball, 8RD, EV 90.0 MPH)
Batting: RHB Mark Caporn 0-0: Ball
1-0: Ball
2-0: Swinging Strike
2-1: Called Strike
2-2: Strikes out swinging
Top of the 5th over - 0 runs, 0 hits, 0 errors, 0 left on base; West Lakes 1 - Gawler 1
BOTTOM OF THE 5TH
Gawler Bumblebees batting - Pitching for West Lakes Smash : RHP Richie Hale
Batting: RHB Kasey Walsh 0-0: Swinging Strike
0-1: Foul Ball, location: 7LDF
0-2: Strikes out swinging
Batting: RHB Wayne Bastable 0-0: Ball
1-0: Called Strike
1-1: Ball
2-1: Foul Ball, location: 3SF
2-2: Foul Ball, location: 25F
2-2: SINGLE (Line Drive, 9LS, EV 106.3 MPH)
Batting: RHB Jim Unknown 0-0: Called Strike
0-1: SINGLE (Groundball, 34D, EV 103.1 MPH)
Wayne Bastable to second
Runner from 2nd tries for 3rd, SAFE, throw by RF made to third
Batting: RHB Koby Holman 0-0: Ball
1-0: Fly out, F8 (Flyball, 8RD, EV 85.0 MPH)
Runner from 3rd tags up, SCORES, throw by CF
Batting: RHB Shawn Lett 0-0: Called Strike
0-1: Ball
1-1: Ball
2-1: Foul Ball, location: 9LSF
2-2: Ball
3-2: Base on Balls
Jim Unknown to second
Batting: RHB Willem Bonney 0-0: Ball
1-0: SINGLE (Flyball, 4MD, EV 84.4 MPH)
Jim Unknown to third
Shawn Lett to second
Batting: RHB Arron Albury 0-0: Fly out, F4 (Popup, 3D, EV 53.1 MPH)
Bottom of the 5th over - 1 run, 3 hits, 0 errors, 3 left on base; West Lakes 1 - Gawler 2
TOP OF THE 6TH
West Lakes Smash batting - Pitching for Gawler Bumblebees : RHP Rusty Cozens
Batting: RHB Ted Minns 0-0: SINGLE (Flyball, 8LS, EV 98.1 MPH)
Batting: LHB Kevin Dynevor 0-0: Bunted foul
0-1: Sac Bunt to 13S - play at first, batter OUT! 1-3
Ted Minns to second
Batting: RHB Art Eckington 0-0: Ball
1-0: Called Strike
1-1: Foul Ball, location: 9LDF
1-2: Ball
2-2: Ball
3-2: Strikes out swinging
Batting: LHB Sam Spencer 0-0: Ball
1-0: Ball
2-0: Ball
3-0: Called Strike
3-1: Swinging Strike
3-2: Foul Ball, location: 7LSF
3-2: Foul Ball, location: 3F
3-2: Ground out 6-3 (Groundball, 6, EV 83.8 MPH)
Top of the 6th over - 0 runs, 1 hit, 0 errors, 1 left on base; West Lakes 1 - Gawler 2
BOTTOM OF THE 6TH
Gawler Bumblebees batting - Pitching for West Lakes Smash : RHP Richie Hale
Batting: RHB Jeremy Bazley 0-0: Ball
1-0: Ball
2-0: Fly out, F3 (Popup, 3S, EV 69.4 MPH)
Pitching: RHP Fred Ahern
Batting: RHB Ty Bennett 0-0: Ball
1-0: Foul Ball, location: 2F
1-1: Swinging Strike
1-2: Ball
2-2: Strikes out swinging
Batting: RHB Kasey Walsh 0-0: Ball
1-0: Foul Ball, location: 2F
1-1: Fly out, F8 (Line Drive, 89M, EV 95.6 MPH)
Bottom of the 6th over - 0 runs, 0 hits, 0 errors, 0 left on base; West Lakes 1 - Gawler 2
TOP OF THE 7TH
West Lakes Smash batting - Pitching for Gawler Bumblebees : RHP Rusty Cozens
Batting: SHB Jamie Shelley 0-0: Swinging Strike
0-1: Called Strike
0-2: Ball
1-2: Ball
2-2: Strikes out swinging
Batting: RHB Todd Dand 0-0: Ball
1-0: Hit by Pitch
Batting: RHB Shane Withecombe 0-0: Ball
1-0: Foul Ball, location: 9LDF
1-1: Ball
2-1: Ball
3-1: Base on Balls
Todd Dand to second
Pitching: RHP Wesley Wager
Batting: RHB G.G. McLachlan 0-0: Ball
Wild Pitch!
Todd Dand to third
Shane Withecombe to second
1-0: Ball
2-0: Called Strike
2-1: Ball
3-1: Foul Ball, location: 2F
3-2: Strikes out looking
Pinch Hitting: RHB Ivan Weisner 0-0: Ball
1-0: Swinging Strike
1-1: Ball
2-1: Swinging Strike
2-2: Strikes out swinging
Top of the 7th over - 0 runs, 0 hits, 0 errors, 2 left on base; West Lakes 1 - Gawler 2
BOTTOM OF THE 7TH
Gawler Bumblebees batting - Pitching for West Lakes Smash : RHP Fred Ahern
Now at SS: Mitch Northmore
Batting: RHB Wayne Bastable 0-0: Foul Ball, location: 2F
0-1: Swinging Strike
0-2: Ground out 6-3 (Groundball, 6, EV 80.6 MPH)
Batting: RHB Jim Unknown 0-0: Ball
1-0: Called Strike
1-1: Foul Ball, location: 25F
1-2: Strikes out swinging
Batting: RHB Koby Holman 0-0: Ball
1-0: Called Strike
1-1: Ball
2-1: Ground out 4-3 (Groundball, 4, EV 102.5 MPH)
Bottom of the 7th over - 0 runs, 0 hits, 0 errors, 0 left on base; West Lakes 1 - Gawler 2
TOP OF THE 8TH
West Lakes Smash batting - Pitching for Gawler Bumblebees : RHP Wesley Wager
Pinch Hitting: RHB Denzel Spargo 0-0: Ball
1-0: SINGLE (Flyball, 5D, EV 94.4 MPH) - OUT at second base trying to stretch hit.
Pinch Hitting: SHB Colten Croome 0-0: Called Strike
0-1: Ball
1-1: Ground out 4-3 (Groundball, 4, EV 103.1 MPH)
Batting: RHB Art Eckington 0-0: Called Strike
0-1: Called Strike
0-2: Ball
1-2: Ball
2-2: Ball
3-2: Base on Balls
Batting: LHB Sam Spencer 0-0: Called Strike
0-1: SINGLE (Flyball, 7LS, EV 88.8 MPH)
Art Eckington to second
Batting: SHB Jamie Shelley 0-0: Ball
1-0: Fielders Choice at 2nd, 6-4 (Groundball, 6, EV 94.4 MPH)
Top of the 8th over - 0 runs, 2 hits, 0 errors, 2 left on base; West Lakes 1 - Gawler 2
BOTTOM OF THE 8TH
Gawler Bumblebees batting - Pitching for West Lakes Smash : RHP Fred Ahern
Pitching: RHP Bill Huggins
Now at 2B: Denzel Spargo
Now at 3B: Colten Croome
Batting: RHB Shawn Lett 0-0: SOLO HOME RUN (Flyball, 78XD, EV 112.5 MPH), Distance : 435 ft
Batting: RHB Willem Bonney 0-0: Ball
1-0: Foul Ball, location: 9LMF
1-1: Swinging Strike
1-2: Ball
2-2: Ball
3-2: Foul Ball, location: 2F
3-2: Strikes out looking
Batting: RHB Arron Albury 0-0: Called Strike
0-1: Ball
1-1: Called Strike
1-2: Strikes out swinging
Pinch Hitting: LHB Jordy Murfitt 0-0: Ball
1-0: Foul Ball, location: 3F
1-1: Foul Ball, location: 25FF
1-2: Foul Ball, location: 2F
1-2: Ball
2-2: Ground out 1-3 (Groundball, 13S, EV 68.1 MPH)
Bottom of the 8th over - 1 run, 1 hit, 0 errors, 0 left on base; West Lakes 1 - Gawler 3
TOP OF THE 9TH
West Lakes Smash batting - Pitching for Gawler Bumblebees : RHP Wesley Wager
Pitching: RHP Mo Morris
Now at 1B: Ken Doolitttle
Batting: RHB Todd Dand 0-0: Called Strike
0-1: Swinging Strike
0-2: Foul Ball, location: 9LMF
0-2: Ball
1-2: Foul Ball, location: 2F
1-2: Foul Ball, location: 2F
1-2: SINGLE (Line Drive, 8LS, EV 100.6 MPH)
Batting: RHB Shane Withecombe 0-0: DOUBLE (Line Drive, 7LM, EV 98.8 MPH)
Todd Dand to third
Pinch Hitting: RHB William Glasson 0-0: Swinging Strike
0-1: Swinging Strike
0-2: Ball
1-2: Ball
2-2: Ball
3-2: Strikes out swinging
Pinch Hitting: RHB Geoff Lutz 0-0: Called Strike
0-1: Ball
1-1: Swinging Strike
1-2: Foul Ball, location: 23FF
1-2: Strikes out swinging
Batting: RHB Denzel Spargo 0-0: Ball
1-0: Called Strike
1-1: Fly out, F8 (Flyball, 78D, EV 105.6 MPH)
Top of the 9th over - 0 runs, 2 hits, 0 errors, 2 left on base; West Lakes 1 - Gawler 3
Thursday, May 2nd , 2024 - OOTP Baseball 24.9 Build 80